Map: Cradle of Death

Players

HahaTTpro

  • Race: Zerg Zerg
  • Spawn Location: 0:00

Plato

  • Race: Protoss Protoss
  • Spawn Location: 0:00

VOD

Have the link to the VOD?

Description

Time

  • Played on: July 7, 2023, 11:37 p.m.
  • Length: 31:28
Show
View Real Time Build Order
Export as new Build Order

HahaTTpro Zerg 

Build Orders:  

Get SALT Encoding   

  12  0:04  Drone  
  13  0:13  Unknown  
  13  0:24  Drone  
  13  0:29  Overlord  
  14  0:47  Drone  
  14  0:49  Extractor  
  14  0:56  Overlord  
  14  1:14  Spawning Pool  
  14  1:18  Overlord  
  13  1:29  Drone  
  13  1:30  Drone  
  15  1:45  Zergling x6  
  18  2:03  Overlord  
  18  2:15  Queen  
  20  2:40  Drone x2  
  20  2:41  Drone  
  23  3:11  Drone x2  
  23  3:12  Evolution Chamber  
  24  3:22  Drone  
  25  3:51  Queen  
  25  3:56  Overlord, Drone x2  
  25  3:57  Drone x2, Unknown  
  25  3:59  Drone  
  32  4:21  Extractor  
  31  4:37  Spine Crawler  
  30  4:40  Drone  
  30  4:41  Drone x3  
  34  4:58  Heroic Fortitude  
  34  5:02  Lair  
  34  5:15  Metabolic Boost  
  32  6:06  Drone x2  
  32  6:09  Spire  
  33  6:16  Zerg Ground Armor Level 1  
  31  7:25  Hive  
  31  7:49  Mutalisk  
  31  7:52  Overlord  
  31  7:54  Overlord  
  33  8:35  Zerg Flyer Armor Level 1  
  33  8:42  Hardened Carapace  
  32  9:36  Hydralisk Den  
  31  9:54  Unknown  
  30  10:24  Queen, Overseer  
  30  10:26  Overlord  
  30  10:32  Hatchery  
  31  10:57  Hydralisk x3  
  31  10:58  Hydralisk x2  
  41  11:08  Queen  
  41  11:11  Zergling x4  
  37  11:47  Zergling x4  
  37  11:48  Zergling x2  
  37  12:04  Drone  
  37  12:05  Drone x2  
  37  12:55  Drone x2  
  37  12:56  Drone x2  
  41  13:02  Queen  
  43  13:11  Extractor  
  42  13:46  Queen  
  42  13:48  Mutalisk x5  
  42  13:49  Mutalisk  
  54  15:08  Mutalisk x4  
  54  15:15  Unknown  
  62  15:49  Drone x2  
  96  15:50  Drone x2  
  62  15:56  Overlord  
  66  16:00  Muscular Augments  
  66  16:06  Rapid Regeneration  
  76  17:20  Overlord x4, Hydralisk x5  
  68  17:54  Zergling x6  
  68  17:55  Zergling x6  
  66  18:15  Drone  
  56  18:25  Spawning Pool  
  49  18:35  Extractor  
  42  18:56  Shredding Claws  
  42  19:00  Ancillary Carapace  
  42  19:04  Hydralisk x3  
  42  19:05  Hydralisk x3  
  54  19:19  Drone x5  
  54  19:20  Drone  
  60  20:23  Extractor  
  60  20:24  Drone x2  
  60  20:25  Zerg Ground Armor Level 2, Drone x4  
  65  20:41  Unknown  
  65  20:48  Ultralisk Cavern  
  64  20:59  Evolution Chamber  
  63  21:13  Mutalisk  
  65  21:24  Zerg Missile Weapons Level 1  
  65  21:57  Drone  
  65  21:58  Drone x4  
  65  21:59  Drone x2  
  65  22:05  Zergling x2  
  65  22:06  Zergling x10  
  78  22:35  Queen  
  78  22:37  Chitinous Plating  
  78  22:42  Ultralisk  
  78  22:49  Overlord x2  
  85  23:27  Zerg Missile Weapons Level 2  
  66  24:26  Frenzy  
  66  24:39  Hydralisk x5  
  78  24:40  Hydralisk  
  78  24:49  Greater Spire  
  154  25:30  Zerg Melee Weapons Level 1  
  78  25:38  Zerg Ground Armor Level 3  
  72  25:41  Ventral Sacs  
  80  26:40  Hydralisk x2  
  80  26:41  Zergling x6, Hydralisk x3  
  80  26:42  Zergling x6  
  86  27:11  Adrenal Overload  
  86  27:31  Zergling x6  
  86  27:32  Zergling x6  
  86  28:27  Overlord  
  86  28:28  Overlord x2  
  86  28:29  Overlord  
  86  28:44  Drone  
  86  28:45  Drone x2  
  86  28:47  Seismic Spines  
  89  28:50  Zergling x4  
  89  28:51  Zergling x8  
  89  28:58  Unknown  
  95  29:12  Drone x2  
  97  29:20  Overseer  
  97  29:21  Queen  
  97  29:23  Overseer x2  
  99  29:47  Queen  
  101  30:01  Zergling x6  
  101  30:02  Zergling x4  
  101  30:04  Queen  
  102  30:45  Zergling x6  
  102  30:46  Zergling x6  
  102  30:48  Zergling x2  
  102  30:49  Zergling x10  
  104  30:50  Zergling x4  
Show
View Real Time Build Order
Export as new Build Order

Plato Protoss 

Build Orders:  

Get SALT Encoding   

  12  0:11  Unknown  
  12  0:27  Probe (Chrono Boost)  
  12  0:39  Probe (Chrono Boost)  
  13  0:41  Pylon  
  13  0:46  Assimilator  
  14  0:52  Probe (Chrono Boost)  
  15  1:04  Probe (Chrono Boost)  
  15  1:09  Gateway  
  16  1:23  Probe (Chrono Boost)  
  17  1:34  Forge  
  17  1:35  Probe (Chrono Boost)  
  18  1:47  Pylon  
  18  1:53  Assimilator  
  18  1:55  Probe (Chrono Boost)  
  19  2:07  Probe (Chrono Boost)  
  19  2:19  Cybernetics Core  
  20  2:30  Protoss Shields Level 1  
  20  2:44  Probe (Chrono Boost)  
  21  2:56  Probe (Chrono Boost)  
  22  3:08  Probe (Chrono Boost)  
  22  3:12  Solar Efficiency Level 1  
  23  3:21  Probe (Chrono Boost)  
  24  3:33  Probe (Chrono Boost)  
  25  3:55  Stargate  
  25  4:29  Twilight Council  
  25  4:37  Pylon  
  25  5:18  Shield Battery  
  25  5:22  Shield Battery  
  25  5:35  Khaydarin Monolith  
  25  5:38  Photon Cannon  
  25  5:43  Photon Cannon  
  25  5:55  Photon Cannon  
  25  5:58  Khaydarin Monolith  
  25  6:08  Fleet Beacon  
  24  7:20  Stargate  
  24  7:21  Stargate  
  24  9:14  Carrier  
  30  9:57  Unknown  
  30  10:12  Nexus  
  30  10:16  Carrier  
  30  10:17  Assimilator  
  30  10:20  Assimilator  
  30  10:23  Probe (Chrono Boost)  
  30  10:26  Pylon  
  31  10:35  Probe (Chrono Boost)  
  38  10:47  Probe (Chrono Boost)  
  38  10:59  Probe (Chrono Boost)  
  40  11:11  Probe (Chrono Boost)  
  41  11:51  Carrier  
  41  11:58  Probe (Chrono Boost)  
  48  12:10  Probe (Chrono Boost)  
  49  12:21  Probe (Chrono Boost)  
  49  12:22  Probe (Chrono Boost)  
  49  12:28  Unknown  
  51  12:33  Probe (Chrono Boost)  
  51  12:34  Probe (Chrono Boost)  
  53  12:45  Probe (Chrono Boost)  
  53  12:46  Probe (Chrono Boost)  
  55  12:55  Unknown  
  55  12:57  Probe (Chrono Boost)  
  55  12:58  Probe (Chrono Boost)  
  58  13:09  Probe (Chrono Boost)  
  60  13:10  Probe (Chrono Boost)  
  62  14:47  Unknown  
  62  15:34  Protoss Shields Level 2  
  62  15:58  Protoss Air Armor Level 1  
  59  16:40  Carrier x3  
  59  16:52  Pylon  
  59  16:53  Pylon  
  59  16:55  Pylon  
  59  16:56  Pylon x2  
  59  16:59  Pylon  
  59  17:01  Pylon  
  59  17:03  Pylon  
  59  17:04  Pylon  
  59  17:05  Pylon  
  59  17:07  Pylon x2  
  59  17:09  Pylon  
  59  17:10  Protoss Air Weapons Level 1, Pylon  
  77  17:26  Carrier  
  77  17:27  Carrier x2  
  77  17:31  Advanced Repair Systems  
  95  19:01  Unknown x3  
  95  19:25  Protoss Air Armor Level 2  
  95  20:38  Unknown  
  77  24:26  Unknown  
  71  24:44  Carrier x3  
  83  26:28  Carrier x3  
  107  28:12  Carrier x2  
  107  28:21  Carrier  
  107  28:26  Solar Efficiency Level 2  
  125  28:55  Unknown  
Tags
 
Add a new tag
Caveats
  • Supply blocks, unpowered buildings, or Contaminate may cause inaccurate times.
  • Supply counts are checked every 10 seconds.